 Dungeon Crawl Stone Soup version 0.22.0-6-g71bd7aa6b3 (webtiles) character file.

65 Flugkiller the Scratcher (level 3, -1/15 HPs)
             Began as a Felid Transmuter on Aug 14, 2018.
             Was an Initiate of Ru.
             Slain by an orc (5 damage)
             ... on level 2 of the Dungeon.
             The game lasted 00:06:33 (4527 turns).

Flugkiller the Scratcher (Felid Transmuter)         Turns: 4527, Time: 00:06:34

Health: -1/15      AC:  1    Str:  6    XL:     3   Next: 92%
Magic:  7/7        EV: 18    Int: 14    God:    Ru [......]
Gold:   191        SH:  0    Dex: 17    Spells: 0/6 levels left
                                        Lives:  0   Deaths: 0

rFire    . . .     SeeInvis +     - Unarmed
rCold    . . .     Gourm    .   (shield unavailable)
rNeg     . . .     Faith    .   (armour unavailable)
rPois    .         Spirit   .   (helmet unavailable)
rElec    .         Reflect  .   (cloak unavailable)
rCorr    .         Harm     .   (gloves unavailable)
MR       .....                  (boots unavailable)
Stlth    ++........             (no amulet)
HPRegen  0.05/turn              (no ring)
MPRegen  0.10/turn              (no ring)

@: quick
A: very small, no armour, no weapons or thrown items, stealth, claws 1, fangs 3,
see invisible, carnivore, speed 1, shaggy fur 1, slow metabolism 1, sharp paws
a: Renounce Religion


You were on level 2 of the Dungeon.
You worshipped Ru.
Ru was noncommittal.
You were completely stuffed.

You visited 1 branch of the dungeon, and saw 3 of its levels.

You collected 191 gold pieces.

Inventory:

Missiles
 a - 37 arrows
Jewellery
 d - an uncursed amulet of the acrobat {unknown}
Scrolls
 b - 3 scrolls of teleportation {unknown}
 e - a scroll of remove curse {unknown}
 g - 4 scrolls of identify {unknown}
 j - a scroll of immolation {unknown}
 l - a scroll of noise {unknown}
Potions
 f - a potion of resistance {unknown}
 h - a potion of berserk rage {unknown}
 i - a potion of lignification {unknown}
 k - a potion of curing {unknown}
Comestibles
 c - 7 rations
 m - 2 chunks of flesh


   Skills:
 - Level 1.0 Fighting
 - Level 2.6 Dodging
 + Level 4.9 Unarmed Combat
 - Level 2.0 Spellcasting
 - Level 2.1 Transmutations


You couldn't memorise any spells.
You knew the following spells:

 Your Spells              Type           Power        Failure   Level  Hunger
a - Beastly Appendage     Tmut           #.....       10%         1    ##.....
b - Sticks to Snakes      Tmut           #.......     14%         2    ###....
c - Spider Form           Tmut/Pois      #.........   41%         3    ####...

Your spell library contained the following spells:

 Spells                   Type           Power        Failure   Level  Hunger
 Regeneration             Chrm/Necr      #.........   56%         3    ####...
 Blade Hands              Tmut           #.........   95%         5    ######.
 Ice Form                 Ice/Tmut       #.......     83%         4    #####..
 Shroud of Golubria       Chrm/Tloc      #.........   34%         2    ###....
 Infusion                 Chrm           #...         24%         1    ##.....
 Song of Slaying          Chrm           #.......     34%         2    ###....
 Spectral Weapon          Hex/Chrm       #.......     56%         3    ####...


Dungeon Overview and Level Annotations

Branches:
Dungeon (3/15)

Altars:
Ru

Annotations:
D:3 Purgy


Innate Abilities, Weirdness & Mutations

You cannot wear armour.
You are incapable of wielding weapons or throwing items.
Your paws allow you to move quietly. (Stealth)
You have sharp claws.
You have razor-sharp teeth.
You have supernaturally acute eyesight. (SInv)
You are carnivorous and can eat meat at any time.
You cover ground quickly.
You are covered in fur. (AC +1)
You have a slow metabolism.
Your sharp claws are effective at attacking unaware monsters.


Message History

Things that are here:
a ring mail; a hand axe of chopping; an orc corpse You climb upwards.
There is a stone staircase leading down here.
You start resting.
HP restored.
There is a stone staircase leading down here.
You climb downwards.
Level annotation: Purgy A hobgoblin and an orc come into view.
The orc priest shouts!
The orc shouts!
You hear a shout!
The hobgoblin hits you. The orc priest hits you with a mace.
The hobgoblin hits you.
* * * LOW HITPOINT WARNING * * *
There is a stone staircase leading up, spattered with blood here.
The hobgoblin barely misses you.
You climb upwards.
There is a stone staircase leading down here.
The orc hits you.
You die...

######### ##.....## #.#####
####.# ##.##.# ######
##.#.#.# #....## #.#.#..#
##'##..#
#########...#.###8.8##.####
#.............##.....##....
#.#######o@g.##8.....8###.#
#.# ##>###.........##.#
#####.####
####8.........8#.#
#........#
#.'...........'.#
#.###.##.#
#.#8.........8#.# #.#
#.##.# #.##.........##.#
#.# #.##.#
#..##8.....8##..# #.#
#....# ##...##.....##....
#.# ###..#
##.....##8.8###.#.#


You could see an orc and a hobgoblin.

Vanquished Creatures
  2 adders (D:2)
  A leopard gecko (D:1)
  4 orcs (D:3)
  3 giant cockroaches
  7 hobgoblins
  2 jackals (D:1)
  2 quokkas (D:2)
  A ball python (D:1)
  5 bats
  3 frilled lizards
  4 goblins
  6 kobolds
  2 rats
42 creatures vanquished.

Notes
Turn   | Place    | Note
-------+----------+-------------------------------------------
     0 | D:1      | Flugkiller the Felid Transmuter began the quest for the Orb.
     0 | D:1      | Reached XP level 1. HP: 9/9 MP: 4/4
   782 | D:1      | Reached XP level 2. HP: 12/12 MP: 6/6
  2300 | D:2      | Reached skill level 4 in Unarmed Combat
  2360 | D:2      | Reached XP level 3. HP: 14/15 MP: 7/7
  2375 | D:2      | Learned a level 2 spell: Sticks to Snakes
  2501 | D:2      | Learned a level 3 spell: Spider Form
  3267 | D:2      | Found a sacrificial altar of Ru.
  3501 | D:2      | Became a worshipper of Ru the Awakened
  3506 | D:3      | Noticed Purgy
  4021 | D:3      | Found a faded altar of an unknown god.
  4527 | D:2      | Slain by an orc

Skill      XL: |  1  2 |
---------------+-------+-----
Unarmed Combat | 4 |  4.9
Fighting       | |  1.0
Dodging        | |  2.6
Spellcasting   | |  2.0
Transmutations | |  2.1

Action                   || total
-------------------------++-------
Melee: Unarmed           ||   158
       Bite              ||    14
       Punch             ||     1
 Cast: Sticks to Snakes  ||     1
 Stab: Sleeping          ||     2
  Eat: Chunk             ||    14
Armor: Skin              ||     3
Dodge: Dodged            ||   100
